 Dungeon Crawl Stone Soup version 0.23.1 (webtiles) character file.

Game seed: 0

74 esteth the Digger (level 4, 0/24 HPs)
             Began as a Gargoyle Earth Elementalist on Mar 6, 2019.
             Slain by an orc
             ... wielding a +0 whip
              (7 damage)
             ... on level 3 of the Dungeon on Mar 7, 2019.
             The game lasted 00:06:49 (2726 turns).

esteth the Digger (Gargoyle Earth Elementalist)     Turns: 2726, Time: 00:06:50

Health: 0/24       AC:  5    Str: 12    XL:     4   Next: 30%
Magic:  8/8        EV: 12    Int: 16    God:
Gold:   113        SH:  0    Dex: 10    Spells: 8/9 levels left

rFire    . . .     SeeInvis .   g - +0 club
rCold    . . .     Gourm    .   (no shield)
rNeg     + . .     Faith    .   c - +0 robe
rPois    ∞         Spirit   .   (no helmet)
rElec    +         Reflect  .   (no cloak)
rCorr    .         Harm     .   (no gloves)
MR       .....                  (no boots)
Stlth    ++........             (no amulet)
HPRegen  0.08/turn              (no ring)
MPRegen  0.11/turn              (no ring)

@: no status effects
A: negative energy resistance 1, electricity resistance, unbreathing,
petrification resistance, rot immunity, AC +3
a: no special abilities


You were on level 3 of the Dungeon.
You were not hungry.

You visited 1 branch of the dungeon, and saw 3 of its levels.

You collected 113 gold pieces.

Inventory:

Hand Weapons
 g - a +0 club (weapon)
Missiles
 b - 161 stones (quivered)
Armour
 c - a +0 robe (worn)
 j - a +0 ring mail
Scrolls
 e - 2 scrolls of identify {unknown}
 h - a scroll of blinking {unknown}
 i - a scroll of immolation {unknown}
 n - a scroll of remove curse {unknown}
Potions
 a - a potion of flight {unknown}
 f - a potion of brilliance {unknown}
 k - a potion of lignification {unknown}
 l - a potion of resistance {unknown}
 o - a potion of mutation {unknown}
Comestibles
 d - 5 rations
 m - 4 chunks of flesh


   Skills:
 - Level 1.5 Dodging
 - Level 2.1 Stealth
 + Level 3.2 Spellcasting
   Level 0.7 Transmutations
 + Level 5.0 Earth Magic


You had 8 spell levels left.
You knew the following spells:

 Your Spells              Type           Power        Failure   Level  Hunger
a - Sandblast             Erth           ###...       2%          1    None

Your spell library contained the following spells:

 Spells                   Type           Power        Failure   Level  Hunger
 Passwall                 Tmut/Erth      ##......     9%          2    ##.....
 Stone Arrow              Conj/Erth      ##....       21%         3    ###....
 Petrify                  Tmut/Erth      ##......     50%         4    ####...
 Lee's Rapid Deconstruct  Erth           ###.......   54%         5    ######.


Dungeon Overview and Level Annotations

Branches:
Dungeon (3/15)

Altars:
Sif Muna
Trog


Innate Abilities, Weirdness & Mutations

You are resistant to torment.
Your stone body is resilient. (AC +3)
You are immune to poison.
You resist negative energy. (rN+)
You are resistant to electric shocks. (rElec)
You can survive without breathing.
You are immune to petrification.
You are immune to rotting.


Message History

Deactivating autopickup; reactivate with Ctrl-A.
The orc completely misses you.
You hit the orc but do no damage.
The orc is moderately wounded.
You hear some strange, mumbled words.
Something tries to affect you, but you resist.
The orc barely misses you. The orc hits you with a +0 mace.
You closely miss the orc.
The orc is moderately wounded.
The orc barely misses you. The orc hits you with a +0 mace.
The orc hits you but does no damage.
You hit the orc but do no damage.
The orc is moderately wounded.
The orc hits you with a +0 mace.
You hit the orc.
The orc is heavily wounded.
The orc hits you with a +0 mace.
* * * LOW HITPOINT WARNING * * *
The orc hits you with a +0 whip!
You die...

.# #.# #
#.### #.
.... .. ...
.#.#.###.##
......o..>#
.....oo@..#
.....###..#
## ...
#..## ##_##
#
#...##8...8
##..##.....
#.÷#8.....
#..##.....
##.##8...8
#.# ##_##


You could see 3 orcs.

Vanquished Creatures
  2 adders (D:2)
  An ooze (D:2)
  2 worms (D:2)
  A dart slug (D:2)
  A leopard gecko (D:1)
  A giant cockroach (D:3)
  10 goblins
  5 hobgoblins
  6 kobolds
  A quokka (D:2)
  A ball python (D:2)
  4 bats
  4 frilled lizards
  4 rats
43 creatures vanquished.

Notes
Turn   | Place    | Note
-------+----------+-------------------------------------------
     0 | D:1      | esteth the Gargoyle Earth Elementalist began the quest for
                  | the Orb.
     0 | D:1      | Reached XP level 1. HP: 10/10 MP: 3/3
   543 | D:1      | Reached XP level 2. HP: 10/15 MP: 5/5
   570 | D:1      | Reached skill level 4 in Earth Magic
  1592 | D:2      | Found a faded altar of an unknown god.
  1597 | D:2      | Reached XP level 3. HP: 14/19 MP: 2/7
  2310 | D:2      | Reached XP level 4. HP: 14/24 MP: 8/8
  2616 | D:3      | Reached skill level 5 in Earth Magic
  2703 | D:3      | Found a bloodstained altar of Trog.
  2706 | D:3      | Found a deep blue altar of Sif Muna.
  2726 | D:3      | Slain by an orc

Skill      XL: |  1  2  3  4 |
---------------+-------------+-----
Earth Magic    | 4 5 |  5.0
Spellcasting   | 3 |  3.2
Dodging        | |  1.5
Stealth        | |  2.1
Transmutations | |  0.7

Action                   |  1- 3 |  4- 6 || total
-------------------------+-------+-------++-------
Melee: Unarmed           |    28 |       ||    28
       Club              |   133 |    36 ||   169
 Cast: Sandblast         |    19 |     1 ||    20
 Stab: Sleeping          |     1 |     2 ||     3
  Eat: Chunk             |     5 |     1 ||     6
Armor: Robe              |    61 |    15 ||    76
Dodge: Dodged            |   106 |    36 ||   142
